 Dungeon Crawl Stone Soup version 0.23.0 (webtiles) character file.

Game seed: 13193548436147445545

546 theswoord the Basher (level 7, -8/62 HPs)
             Began as a Naga Berserker on Feb 10, 2019.
             Was a Priest of Trog.
             Mangled by Pikel
             ... wielding a +1 whip of electrocution
              (12 damage)
             ... on level 5 of the Dungeon.
             The game lasted 00:06:36 (4286 turns).

theswoord the Basher (Naga Berserker)               Turns: 4286, Time: 00:06:37

Health: -8/62      AC: 10    Str: 19    XL:     7   Next: 28%
Magic:  0/7        EV:  4    Int:  7    God:    Trog [***...]
Gold:   156        SH:  0    Dex: 13    Spells: 6/6 levels left

rFire    . . .     SeeInvis +   h - +1 whip
rCold    . . .     Gourm    .   (no shield)
rNeg     . . .     Faith    .   d - +0 plate armour
rPois    +         Spirit   +   (no helmet)
rElec    .         Reflect  .   n - +1 cloak
rCorr    .         Harm     .   (no gloves)
MR       .....                  (no barding)
Stlth    ..........             m - amulet of guardian spirit
HPRegen  0.20/turn              (no ring)
MPRegen  0.10/turn              (no ring)

@: berserk cooldown, slowed, very slow
A: large, see invisible, deformed body, poison resistance, slowness 2, slow
metabolism 1, spit poison 1, AC +2
a: Spit Poison, Berserk, Trog's Hand, Renounce Religion


You were on level 5 of the Dungeon.
You worshipped Trog.
Trog was most pleased with you.
You were very hungry.

You visited 1 branch of the dungeon, and saw 5 of its levels.

You collected 156 gold pieces.

Inventory:

Hand Weapons
 a - a +0 mace
 h - a +1 whip (weapon)
Armour
 b - a +0 animal skin
 d - a +0 plate armour (worn)
 n - a +1 cloak (worn)
Jewellery
 m - an amulet of guardian spirit (around neck)
Scrolls
 e - a scroll of fear {unknown}
 f - a scroll of remove curse
 j - 4 scrolls of teleportation
 t - a scroll of enchant armour
Potions
 g - 2 potions of heal wounds
 i - a potion of might {unknown}
 k - a potion of degeneration
 l - a potion of flight {unknown}
 o - 3 potions of haste
 p - a potion of brilliance {unknown}
 r - a potion of resistance
 s - a potion of invisibility {unknown}
Comestibles
 c - 11 rations


   Skills:
 - Level 3.0 Fighting
 + Level 8.1 Maces & Flails
 - Level 1.5 Armour
 - Level 1.5 Dodging


You had 6 spell levels left.
You didn't know any spells.
Your spell library was empty.

Dungeon Overview and Level Annotations

Branches:
Dungeon (5/15)             Temple (0/1) D:4

Altars:
Qazlal

Annotations:
D:5 Pikel


Innate Abilities, Weirdness & Mutations

You cannot wear boots.
Your serpentine skin is tough. (AC +2)
You have supernaturally acute eyesight. (SInv)
Armour fits poorly on your strangely shaped body.
Your system is resistant to poisons. (rPois)
You cover ground very slowly.
You have a slow metabolism.
You can spit poison.


Message History

* * * LOW HITPOINT WARNING * * *
You barely miss Pikel.
Pikel hits you with a +1 whip of electrocution.
* * * LOW HITPOINT WARNING * * *
You closely miss Pikel.
Pikel hits you with a +1 whip of electrocution.
* * * LOW HITPOINT WARNING * * *
Aim: Pikel, wielding a +1 whip of electrocution and wearing a +2 robe of magic resistance (almost dead)
The splash of poison hits Pikel but does no damage.
Pikel is poisoned.
You feel slightly more hungry. Pikel hits you but does no damage.
You closely miss Pikel.
Pikel hits you with a +1 whip of electrocution.
* * * LOW HITPOINT WARNING * * *
You are electrocuted!
* * * LOW HITPOINT WARNING * * *
You closely miss Pikel.
You have got your breath back.
Pikel hits you but does no damage.
You are electrocuted!
You die...

# .. #. # #. #.#
.###. ..
......####.#.###
#......@Kp.....
#.#...####p#.###
#... # ..## .


You could see Pikel and 2 slaves.

Vanquished Creatures
  A slave (D:5)
  An ogre (D:4)
  A phantom (D:4)
  A scorpion (D:4)
  A hound (D:4)
  A centaur skeleton (D:2)
  2 iguanas (D:4)
  Terence (D:2)
  An orc wizard (D:4)
  6 adders
  An ooze (D:1)
  3 worms
  2 dart slugs
  4 leopard geckos
  6 orcs (D:4)
  7 bats
  8 giant cockroaches
  9 goblins
  8 hobgoblins
  10 jackals
  3 kobolds
  3 ball pythons
  5 frilled lizards
  14 rats
99 creatures vanquished.

Notes
Turn   | Place    | Note
-------+----------+-------------------------------------------
     0 | D:1      | theswoord the Naga Berserker began the quest for the Orb.
     0 | D:1      | Reached XP level 1. HP: 21/21 MP: 1/1
    68 | D:1      | Reached XP level 2. HP: 4/28 MP: 2/2
   796 | D:1      | Reached skill level 4 in Maces & Flails
   811 | D:1      | Reached XP level 3. HP: 32/34 MP: 3/3
   979 | D:1      | Reached ** piety under Trog
  1649 | D:2      | Reached XP level 4. HP: 42/42 MP: 4/4
  1707 | D:2      | Noticed Terence
  1715 | D:2      | Killed Terence
  1715 | D:2      | Reached skill level 5 in Maces & Flails
  1792 | D:2      | Reached XP level 5. HP: 34/49 MP: 5/5
  1848 | D:2      | Found a stormy altar of Qazlal.
  2341 | D:3      | Reached skill level 6 in Maces & Flails
  2572 | D:3      | Reached *** piety under Trog
  3020 | D:4      | Reached XP level 6. HP: 46/56 MP: 4/6
  3290 | D:4      | Reached skill level 7 in Maces & Flails
  3438 | D:4      | Reached XP level 7. HP: 16/62 MP: 2/7
  3779 | D:4      | Found a staircase to the Ecumenical Temple.
  4134 | D:4      | Reached skill level 8 in Maces & Flails
  4252 | D:5      | Entered Level 5 of the Dungeon
  4254 | D:5      | Noticed Pikel
  4286 | D:5      | Mangled by Pikel

Skill      XL: |  1  2  3  4  5  6  7 |
---------------+----------------------+-----
Maces & Flails | 4 5 6 7 8 |  8.1
Fighting       | |  3.0
Armour         | |  1.5
Dodging        | |  1.5

Action                   |  1- 3 |  4- 6 |  7- 9 || total
-------------------------+-------+-------+-------++-------
Melee: Mace              |    86 |       |       ||    86
       Whip              |    48 |   298 |    78 ||   424
Invok: Berserk           |     1 |     2 |     2 ||     5
 Abil: Spit Poison       |       |     2 |     1 ||     3
  Use: Scroll            |       |    11 |       ||    11
 Stab: Sleeping          |     2 |       |       ||     2
  Eat: Chunk             |     2 |     8 |     3 ||    13
Armor: Animal skin       |     5 |       |       ||     5
       Plate armour      |    77 |   204 |    28 ||   309
Dodge: Dodged            |    38 |    49 |    12 ||    99

Levels and vault maps discovered:
D:1:      elethiomel_arrival_infinity_welcomes_careful_drivers, layout_basic
D:2:      layout_loops_ring, lemuel_coloured_pillars_altar, uniq_terence
D:3:      layout_rooms, first_ration, grunt_ministairs_4
D:4:      layout_basic, minmay_temple_entry_drinking_statues, minmay_cupped
D:5:      layout_loops_ring, lemuel_round_altar, nicolae_dithmenos_the_darkroom,
          evilmike_ruin_ashenzari, uniq_grinder, uniq_pikel
